 Dungeon Crawl Stone Soup version 0.31-a0-1338-gb567cfdca4 (webtiles) character file.

Game seed: 1770066087900908470

58 avis the Changeling (level 3, 18/18 HPs)
             Began as a Felid Shapeshifter on Dec 22, 2023.
             Got out of the dungeon alive.
             The game lasted 00:06:57 (2037 turns).

avis the Changeling (Felid Shapeshifter)            Turns: 2037, Time: 00:06:57

Health: 18/18      AC:  1    Str: 10    XL:     3   Next: 76%
Magic:  4/4        EV: 18    Int: 13    God:
Gold:   203        SH:  0    Dex: 17    Spells: 2/2 levels left
                                        Lives:  0   Deaths: 1

rFire   . .          .
                       - Unarmed
rCold   . . .        (shield unavailable)
rNeg    . . .        (body armour unavailable)
rPois   .            (helmet unavailable)
rElec   .            (cloak unavailable)
rCorr   .            (gloves unavailable)
SInv    +            (boots unavailable)
Will    .....        (no amulet)
Stlth   ++           (no ring)
HPRegen 0.23/turn    (no ring)
MPRegen 0.09/turn

%: no passive effects
@: beast-form
A: beast (slay +2), very small, claws 1, fangs 3, see invisible, shaggy fur 1,
stealthy paws, no weapons or thrown items, no armour, multi-lived
a: Begin Untransformation


You escaped.
You were a hulking beast.
You visited 1 branch of the dungeon, and saw 3 of its levels.

You collected 203 gold pieces.

Inventory:

Talismans
 b - a beast talisman
 c - a flux talisman
Scrolls
 f - 2 scrolls of torment {unknown}
 g - 4 scrolls of identify {unknown}
 i - a scroll of immolation {unknown}
 j - a scroll of revelation {unknown}
 k - a scroll of vulnerability {unknown}
 m - a scroll of fear {unknown}
Potions
 a - a potion of lignification
 d - 2 potions of brilliance {unknown}
 e - 3 potions of curing {unknown}
 h - 2 potions of magic {unknown}
 l - a potion of heal wounds {unknown}
 n - a potion of haste {unknown}


   Skills:
 - Level 2.0 Fighting
 * Level 3.5 Dodging
 - Level 3.0 Unarmed Combat
 - Level 3.5 Shapeshifting


You had 2 spell levels left.
You didn't know any spells.
Your spell library was empty.

Dungeon Overview and Level Annotations

Branches:
Dungeon (3/15)

Altars:

Shops:
D:1 (   D:2 (

Annotations:
D:3 Grinder


Innate Abilities, Weirdness & Mutations

You are a hulking beast.
Your limbs bulge with bestial killing power. (Slay +2)
You have sharp claws.
You have razor-sharp teeth.
You have supernaturally acute eyesight. (SInv)
You are covered in fur. (AC +1)
Your paws help you pounce on unaware monsters.
You are incapable of wielding weapons or throwing items.
You cannot wear armour.
You gain extra lives every three experience levels.


Message History

You climb downwards.
There is a stone staircase leading up here.
A goblin comes into view. It is wielding a +0 dagger.
You closely miss the goblin. You bite the goblin.
You kill the goblin!
You see here a +0 dagger.
Grinder comes into view.
Press: ? - help, v - describe, . - travel
Here: Grinder (asleep)
The floor.
Placed new exclusion.
You see here a +0 dagger.
A gnoll comes into view.
It is wielding a +2 flail of protection.
The gnoll shouts!
You hear a shout!
A gnoll sergeant comes into view. It is wielding a +0 spear.
A gnoll comes into view. It is wielding a +0 flail.
There is a stone staircase leading up here.
The gnoll hits you with a +2 flail of protection!
Ouch! That really hurt!
You climb upwards.
There is a stone staircase leading down here.
The gnoll hits you with a +2 flail of protection.
* * * LOW HITPOINT WARNING * * *
The gnoll attacks as it pursues you! The gnoll completely misses you.
The gnoll attacks as it pursues you!
The gnoll hits you with a +2 flail of protection!
Ouch! That really hurt!
You die...
Your shape twists and changes as you die.
You rejoin the land of the living...
A gnoll is nearby!
There is a stone staircase leading up here.
You climb upwards.
There is a stone staircase leading down here.
There is an entrance to Pytzex's Antique Weapon Boutique here.
Things that are here:
7 stones; a +0 club
There is an escape hatch in the floor here.
There is a staircase leading out of the dungeon here.
You have escaped!

[....#.#.###.#.....#.#........# #
.####.#...##.........########.###
#.#.#...#..#.........#...........
..........##.#.....#.########.###
#.#.#..#.###.........# #.#
.).....#.###.........# #.#
#.#.#......#.#.....#.# #.#
.....##.####.........# #.#
#.#.###.# #....h....# #.#
.....##.# ########### #.#
#.#.###.# #.# #.# ..>..##.# #.#
#.# #.#.###.# #.#############.#
........# #..........[....#
#.#.##### #################
.....# #.#.##


There were no monsters in sight!

Vanquished Creatures
  An adder (D:2)
  2 dart slugs
  An orc (D:2)
  3 bats
  4 endoplasms
  2 giant cockroaches
  6 goblins
  5 hobgoblins
  4 jackals (D:2)
  5 kobolds
  2 ball pythons
  A frilled lizard (D:1)
  3 rats
39 creatures vanquished.

Notes
Turn   | Place    | Note
-------+----------+-------------------------------------------
     0 | D:1      | avis the Felid Shapeshifter began the quest for the Orb.
     0 | D:1      | Reached XP level 1. HP: 10/10 MP: 2/2
   164 | D:1      | Reached XP level 2. HP: 14/14 MP: 3/3
   216 | D:1      | Found a faded altar of an unknown god.
   690 | D:1      | Found Pytzex's Antique Weapon Boutique.
   842 | D:2      | Reached XP level 3. HP: 11/18 MP: 4/4
   966 | D:2      | Found Decun's Weapon Emporium.
  1854 | D:3      | Noticed Grinder
  1894 | D:3      | Noticed a gnoll sergeant
  1932 | D:2      | Mangled by a gnoll
  2037 | D:$      | Got out of the dungeon alive.

Illustrated notes

Levels and vault maps discovered:
D:1:      lemuel_arrival_broad_hall, layout_loops_ring, serial_shops, shop,
          hellmonk_ecumenical_altar_pennies_from_heaven, st_stairs_12
D:2:      layout_rooms, serial_shops, shop, kennysheep_pointless_box
D:3:      layout_basic, mainiacjoe_overflow_24_doors,
          mainiacjoe_overflow_cross_hatched, serial_shops, shop, uniq_grinder

Skill      XL: |  1  2  3 |
---------------+----------+-----
Shapeshifting  | 3 |  3.5
Fighting       | 2 |  2.0
Dodging        | 3 |  3.5
Unarmed Combat | |  3.0

Action                     || total
---------------------------++-------
  Melee: Unarmed           ||    74
         Bite              ||     6
         Punch             ||     3
   Stab: Sleeping          ||     3
         Distracted        ||     1
 Armour: Skin              ||    25
  Dodge: Dodged            ||    55

Table legend: (Time is in decaauts)
 A = Elapsed time spent in this place.
 B = Non-inter-level travel time spent in this place.
 C = Inter-level travel time spent in this place.
 D = Time resting spent in this place.
 E = Time spent auto-exploring this place.
 F = Levels seen in this place.
 G = Mean time per level.
                   A        B        C        D        E       F      G
               +--------+--------+--------+--------+--------+-----+--------+
         Total |   2038 |   1634 |    404 |    127 |    943 |   3 |  679.3 |
       Dungeon |   2038 |   1634 |    404 |    127 |    943 |   3 |  679.3 |
               +--------+--------+--------+--------+--------+-----+--------+

Top non-repeatable levels by time:
     D:1: 1194 daAuts
     D:2: 672 daAuts
     D:3: 172 daAuts
